Match 46936671
Unlisted

Match 46936671
End
Vickers Machine Gun Team
Construct Section Command Post
Selects Air and Sea Battlegroup
Dingo Light Scout Car
Infantry Section
Infantry Section
Infantry Section
Construct Platoon Command Post
Unlock M3 Stuart Light Tanks
Selects Commando Section Paradrop
Selects Commando Support Section Paradrop
6-pounder Anti-tank Gun Team
Grenade Package
Construct Company Command Post
Selects Supply Surplus
Matilda II Heavy Tank
Unlock Towed 17-pounder Anti-tank Guns
Commando Support Section Paradrop
17-pounder Anti-tank Gun Team
17-pounder Anti-tank Gun Team
BazookaJoe
Urge to Merge
Give ma Life 4 Pakistannn
A Sassy Badger
Raiden
WHAT CAN I SAY?
NO.2
Major, Hou, Yu-Ih
0
0

Comments sign in to comment!

No comments posted yet!